 Dungeon Crawl Stone Soup version 0.29-a0-728-g6bb282b620 (console) character file.

Game seed: 14979326657866257729

85 Banquo the Magician (level 4, -7/27 HPs)
             Began as an Octopode Hedge Wizard on June 29, 2022.
             Was an Initiate of Yredelemnul.
             Mangled by a gnoll
             ... wielding a +0 whip
              (9 damage)
             ... on level 2 of the Dungeon.
             The game lasted 00:07:48 (2066 turns).

Banquo the Magician (Octopode Hedge Wizard)         Turns: 2066, Time: 00:07:50

Health: -7/27      AC:  1    Str:  9    XL:     4   Next: 48%
Magic:  1/9        EV: 13    Int: 18    God:    Yredelemnul [......]
Gold:   92         SH:  0    Dex: 11    Spells: 2/10 levels left

rFire   . . .      SeeInvis .   a - +0 dagger
rCold   . . .      Faith    .   (no shield)
rNeg    . . .      Spirit   .   b - +0 hat
rPois   .          Reflect  .   (no amulet)
rElec   .          Harm     .   (no ring)
rCorr   .          Rampage  .   (no ring)
Will    .....                   (no ring)
Stlth   +++.......              (no ring)
HPRegen 0.09/turn               (no ring)
MPRegen 0.11/turn               (no ring)
                                (no ring)
                                (no ring)

@: no status effects
A: almost no armour, amphibious, 8 rings, camouflage 1, gelatinous body 1,
(nimble swimmer 1), tentacles
a: Renounce Religion, Recall Undead Harvest


You were on level 2 of the Dungeon.
You worshipped Yredelemnul.
Yredelemnul was noncommittal.
You visited 1 branch of the dungeon, and saw 2 of its levels.

You collected 92 gold pieces.

Inventory:

Hand Weapons
 a - a +0 dagger (weapon)
 e - a +0 spear
Armour
 b - a +0 hat (worn)
Scrolls
 f - 3 scrolls of identify {unknown}
 h - a scroll of immolation {unknown}
 i - a scroll of poison {unknown}
 k - a scroll of summoning {unknown}
 l - a scroll of fear {unknown}
Potions
 c - a potion of magic
 d - 2 potions of mutation {unknown}
 g - a potion of heal wounds {unknown}
 j - 2 potions of curing {unknown}
 m - a potion of cancellation {unknown}
 n - a potion of might {unknown}


   Skills:
 + Level 0.1 Fighting
 + Level 2.2 Dodging
 + Level 2.8 Stealth
 + Level 3.8 Spellcasting
 * Level 2.2 Conjurations
 + Level 1.0 Summonings
 + Level 1.0 Translocations
 * Level 1.0 Air Magic
 * Level 1.3 Poison Magic


You had 2 spell levels left.
You knew the following spells:

 Your Spells              Type           Power      Damage    Failure   Level
a - Magic Dart            Conj           44%        1d5       6%          1
c - Mephitic Cloud        Conj/Pois/Air  8%         N/A       24%         3
i - Call Imp              Summ           7%         N/A       16%         2
B - Blink                 Tloc           14%        N/A       16%         2

Your spell library contained the following spells:

 Spells                   Type           Power      Damage    Failure   Level
 Slow                     Hex            12%        N/A       16%         1
 Conjure Flame            Conj/Fire      7%         6-21      28%         3


Dungeon Overview and Level Annotations

Branches:
Dungeon (2/15)

Altars:
Yredelemnul


Innate Abilities, Weirdness & Mutations

You cannot wear most types of armour.
You are amphibious.
You can wear up to eight rings at the same time.
Your skin changes colour to match your surroundings (Stealth+).
Your rubbery body absorbs attacks. (AC +1, EV +1)
((You are camouflaged when in or above water. (Stealth+)))
You have tentacles for arms and can constrict up to eight enemies at once.


Message History

The gnoll is moderately wounded.
Your gnoll zombie hits the gnoll.
Your adder zombie barely misses the gnoll.
Your crimson imp hits the gnoll but does no damage.
The gnoll hits your adder zombie with a +0 whip!
Your adder zombie is destroyed!
Casting: Magic Dart (safe; 6% risk of failure)
Confirm with . or Enter, or press ? or * to list all spells.
Aiming: Magic Dart (safe; 6% risk of failure)
Press: ? - help, Shift-Dir - straight line, f/p - gnoll
Aim: a gnoll, wielding a +0 spear (moderately wounded, ally target, 100% to hit)
The magic dart hits the gnoll.
The gnoll is moderately wounded.
Your gnoll zombie closely misses the gnoll.
Your crimson imp hits the gnoll.
Press: ? - help, v - describe, . - travel
Here: a gnoll, wielding a +0 whip (lightly wounded, ally target)
The floor.
The gnoll hits you with a +0 spear!
Your crimson imp barely misses the gnoll.
You hit the gnoll but do no damage. You grab the gnoll.
The gnoll is moderately wounded.
You constrict the gnoll.
Your gnoll zombie hits the gnoll but does no damage.
The gnoll closely misses you. The gnoll hits you with a +0 whip.
You hit the gnoll.
The gnoll is heavily wounded.
You constrict the gnoll.
Your crimson imp blinks!
The gnoll hits you with a +0 whip!
* * * LOW HITPOINT WARNING * * *
The gnoll hits you with a +0 spear.
* * * LOW HITPOINT WARNING * * *
You hit the gnoll.
The gnoll is severely wounded.
You constrict the gnoll.
Your gnoll zombie hits the gnoll.
The gnoll hits your gnoll zombie with a +0 spear.
The gnoll hits you with a +0 whip!
You die...
Your body rises from the dead as a mindless zombie.

#..## #.....#.##.##.#####
.##...
....###........#..#....###
.####.
....)..........##.####...##.#
#. .........###......#
###..#.####.
.##.#..........#..#
#........##.
###...######......##
#........##. ##..#
####.5....###........##. #..#
#....Zg......†.......##. #..#
#.##)§g@$............##. ####
#.8$8...#.........#..
#.#'#.............#.#
...#.#.............#.#
#..###.###...........#.#
##.#8...8#.............# #
#.._..#...........#.# #
#8...8#...........###
#.###.###...........#


You could see 2 gnolls, a friendly crimson imp (summoned) and a friendly gnoll
zombie.

Vanquished Creatures
  An adder (D:2)
  A gnoll (D:2)
  A worm (D:2)
  A dart slug (D:1)
  5 endoplasms
  3 giant cockroaches
  7 goblins
  4 hobgoblins (D:1)
  7 kobolds
  2 quokkas
  5 ball pythons
  7 bats
  A frilled lizard (D:2)
  4 rats
49 creatures vanquished.

Vanquished Creatures (collateral kills)
  A gnoll (D:2)
1 creature vanquished.

Vanquished Creatures (others)
  2 adder zombies (D:2)
  A giant cockroach zombie (D:2)
3 creatures vanquished.

Grand Total: 53 creatures vanquished

Notes
Turn   | Place    | Note
-------+----------+-------------------------------------------
     0 | D:1      | Banquo the Octopode Hedge Wizard began the quest for the
                  | Orb.
     0 | D:1      | Reached XP level 1. HP: 11/11 MP: 4/4
     6 | D:1      | Noticed a scorpion
     6 | D:1      | Noticed a lindwurm
     6 | D:1      | Noticed a polar bear
     7 | D:1      | Noticed a wolf
     7 | D:1      | Noticed a five-headed hydra
   186 | D:1      | Reached XP level 2. HP: 16/17 MP: 0/6
   192 | D:1      | Learned a level 2 spell: Call Imp
   195 | D:1      | Learned a level 2 spell: Blink
   737 | D:1      | Reached XP level 3. HP: 21/21 MP: 4/8
   743 | D:1      | Learned a level 3 spell: Mephitic Cloud
  1768 | D:2      | Reached XP level 4. HP: 27/27 MP: 0/9
  2029 | D:2      | Found a faded altar of an unknown god.
  2035 | D:2      | Prayed at the altar of an unknown god.
  2035 | D:2      | Became a worshipper of Yredelemnul the Dark
  2035 | D:2      | Reached * piety under Yredelemnul
  2051 | D:2      | Reached skill level 1 in Air Magic
  2060 | D:2      | Reached skill level 1 in Poison Magic
  2066 | D:2      | Mangled by a gnoll

Illustrated notes

Levels and vault maps discovered:
D:1:      onia_arrival_zoo_common, layout_rooms, minmay_3d_cube
D:2:      layout_rooms, dreamdust_ecumenical_altar_angels_and_demons

Skill      XL: |  1  2  3  4 |
---------------+-------------+-----
Conjurations   | 2 |  2.2
Air Magic      | 1 |  1.0
Poison Magic   | 1 |  1.3
Fighting       | |  0.1
Dodging        | |  2.2
Stealth        | |  2.8
Spellcasting   | |  3.8
Summonings     | |  1.0
Translocations | |  1.0

Action                   |  1- 3 |  4- 6 || total
-------------------------+-------+-------++-------
Melee: Dagger            |    21 |     6 ||    27
       Tentacles         |     8 |     2 ||    10
       Constrict         |     6 |     2 ||     8
 Cast: Magic Dart        |   100 |    13 ||   113
       Call Imp          |       |     1 ||     1
Invok: Recall Undead Har |       |     1 ||     1
 Stab: Sleeping          |     1 |       ||     1
Armor: Skin              |     2 |       ||     2
Dodge: Dodged            |    12 |     3 ||    15

Table legend: (Time is in decaauts)
 A = Elapsed time spent in this place.
 B = Non-inter-level travel time spent in this place.
 C = Inter-level travel time spent in this place.
 D = Time resting spent in this place.
 E = Time spent auto-exploring this place.
 F = Levels seen in this place.
 G = Mean time per level.
                   A        B        C        D        E       F      G
               +--------+--------+--------+--------+--------+-----+--------+
         Total |   2065 |   2036 |     29 |     27 |   1697 |   2 | 1032.5 |
       Dungeon |   2065 |   2036 |     29 |     27 |   1697 |   2 | 1032.5 |
               +--------+--------+--------+--------+--------+-----+--------+

Top non-repeatable levels by time:
     D:1: 1394 daAuts
     D:2: 671 daAuts
